 Dungeon Crawl Stone Soup version 0.18.1-50-g88ac8fd (webtiles) character file.

2376 userone the Conjurer (level 9, -3/70 HPs)
             Began as a Black Draconian Conjurer on Mar 1, 2017.
             Was a Believer of Sif Muna.
             Killed by the air
             ... invoked by Gastronok
              (23 damage)
             ... on level 8 of the Dungeon on Mar 5, 2017.
             The game lasted 02:32:43 (9942 turns).

userone the Conjurer (Black Draconian Conjurer)     Turns: 9942, Time: 02:32:44

Health: -3/70      AC: 16    Str: 14    XL:     9   Next: 21%
Magic:  3/19       EV: 14    Int: 18    God:    Sif Muna [**....]
Gold:   146        SH:  0    Dex: 12    Spells: 5 memorised, 7 levels left

rFire  . . .     SeeInvis .     r - +5 quarterstaff (chaos)
rCold  . . .     Gourm    .     (armour unavailable)
rNeg   . . .     Faith    .     (shield currently unavailable)
rPois  .         Spirit   .     (helmet restricted)
rElec  +         Dismiss  +     F - +2 cloak
rCorr  .         Reflect  .     c - +1 pair of gloves
SustAt .         Harm     .     f - +0 pair of boots
MR     .....                    H - amulet of dismissal
Stlth  ++........               Q - +3 ring of strength
                                k - +3 ring of protection

@: not resistant to hostile enchantments, unstealthy
A: breathe lightning, unfitting armour, electricity resistance, cold-blooded, AC
+7
a: Breathe Lightning, Channel Energy, Renounce Religion


You were on level 8 of the Dungeon.
You worshipped Sif Muna.
Sif Muna was pleased with you.
You were hungry.

You visited 2 branches of the dungeon, and saw 9 of its levels.

You collected 466 gold pieces.
You spent 320 gold pieces at shops.

Inventory:

Hand Weapons
 r - a +5 quarterstaff of chaos (weapon)
 w - the cursed +1 broad axe of the Grave {vamp, rC++ MR+, unknown}
   (You found it on level 4 of the Dungeon)

   It inflicts no extra harm, but heals its wielder somewhat when it strikes a
   living foe.
   It greatly protects you from cold.
   It affects your resistance to hostile enchantments.
   It has a curse placed upon it.
 x - a +0 shortbow
 y - a +0 hunting sling
 D - a +2 flail of protection
 L - a +3 rapier
 P - a +0 hand crossbow
Missiles
 g - 73 bolts
 h - 60 arrows
 i - 4 curare-tipped needles
 j - 24 poisoned needles
 m - 318 stones
 n - a throwing net
 u - 6 tomahawks (quivered)
 N - 22 sling bullets
Armour
 c - a +1 pair of gloves (worn)
 f - a +0 pair of boots (worn)
 s - a +2 cloak
 B - the +1 ring mail of Mysticism {MR+ Dex+4, unknown}
   (You found it on level 4 of the Dungeon)

   It affects your dexterity (+4).
   It affects your resistance to hostile enchantments.
 F - a +2 cloak (worn)
Magical Staves
 J - an uncursed staff of earth
Jewellery
 b - a +2 ring of intelligence
 k - a +3 ring of protection (left hand)
 q - an uncursed ring of stealth
 H - an amulet of dismissal (around neck)
 Q - a +3 ring of strength (right hand)
Wands
 v - a wand of acid (4/15)
 R - a wand of random effects (40/48)
Scrolls
 e - a scroll of immolation
 p - 2 scrolls of noise
 A - 2 scrolls of random uselessness
 C - a scroll of fog
 I - 2 scrolls of teleportation
 K - a scroll of recharging {unknown}
 M - 2 scrolls of magic mapping {unknown}
Potions
 d - a potion of lignification {unknown}
 o - a potion of berserk rage
 t - a potion of cancellation
 z - a potion of brilliance {unknown}
 O - a potion of curing
 S - a potion of magic
 U - a potion of haste
Books
 a - a book of Conjurations

   Spells                             Type                      Level
   a - Magic Dart                     Conjuration                  1
   b - Searing Ray                    Conjuration                  2
   c - Dazzling Spray                 Conjuration/Hexes            3
   d - Fulminant Prism                Conjuration/Hexes            4
   e - Iskenderun's Mystic Blast      Conjuration                  4
   f - Iskenderun's Battlesphere      Conjuration/Charms           5
 G - a book of Unlife

   Spells                             Type                      Level
   a - Recall                         Summoning/Translocation      3
   b - Animate Dead                   Necromancy                   4
   c - Control Undead                 Necromancy                   4
   d - Cigotuvi's Embrace             Necromancy                   5
   e - Death Channel                  Necromancy                   6
   f - Simulacrum                     Ice/Necromancy               6
Comestibles
 l - 6 fruits
 E - 2 beef jerkies
 T - a royal jelly


   Skills:
 + Level 3.4 Fighting
 - Level 0.2 Short Blades
 + Level 3.2 Staves
 + Level 1.4 Throwing
 + Level 4.8 Dodging
 + Level 3.5 Stealth
 * Level 6.9 Spellcasting
 + Level 7.0 Conjurations
 * Level 1.4 Necromancy
 + Level 0.6 Evocations


You had 7 spell levels left.
You knew the following spells:

 Your Spells              Type           Power        Failure   Level  Hunger
a - Magic Dart            Conj           ####         1%          1    None
b - Dazzling Spray        Conj/Hex       ###...       10%         3    ##.....
c - Searing Ray           Conj           ####..       1%          2    None
d - Iskenderun's Mystic   Conj           ####....     8%          4    ####...
e - Animate Dead          Necr           N/A          67%         4    ####...


Dungeon Overview and Level Annotations

Branches:
Dungeon (8/15)             Temple (1/1) D:5
   Lair: D:8-11

Altars:
Ashenzari
Cheibriados
Dithmenos
Elyvilon
Fedhas
Gozag
Kikubaaqudgha
Makhleb
Nemelex Xobeh
Okawaru
Pakellas
Qazlal
Ru
Sif Muna
Trog
Vehumet
Xom
Yredelemnul
Zin
The Shining One

Shops:
D:7 *

Annotations:
D:8 Gastronok


Innate Abilities, Weirdness & Mutations

You can breathe wild blasts of lightning.
Your glossy black scales are hard (AC +7).
Your body does not fit into most forms of armour.
You are resistant to electric shocks.
You are cold-blooded and may be slowed by cold attacks.


Message History

Press: ? - help, Shift-Dir - straight line, f/p - Gastronok
Aim: Gastronok, wearing the +3 hat of Pondering {ponderous, MR+ MP+10 Int+5} (severely wounded)
The magic dart hits Gastronok.
Gastronok is severely wounded.
Gastronok chants a spell, wobbling all the while.
You hit the river rat.
You heal the river rat.
The river rat is completely healed.
The river rat bites you but does no damage.
You sock the river rat!
You kill the river rat!
The river rat's corpse disappears in a puff of smoke!
The quokka bites you but does no damage.
Gastronok waves his eye-stalks in wide circles.
The air twists around and strikes you!
* * * LOW HITPOINT WARNING * * *
You feel better.
The quokka bites you but does no damage.
Gastronok waves his eye-stalks in wide circles.
The air twists around and strikes you!
You die...

## #.# #.# ...# #r#
#.# ...[.##.### #.#
#.......Zr####.#####
#.##.##.#b#.<......#
#.......#.#.######.#
#.#..#..#.#......#.#
#...
#..#r########.## ##.
..=#Zbw.§r@....# #
...##############
###


You could see Gastronok, a river rat, a quokka, a bat and a wyvern skeleton.

Vanquished Creatures
  Grinder (D:5)
  The ghost of marshmellons the Skirmisher, an amateur MiFi (D:4)
  A steam dragon (D:7)
  Edmund (D:5)
  2 ice beasts
  2 phantoms
  2 ogres (D:4)
  2 centaurs
  A giant frog (D:7)
  4 scorpions
  2 howler monkeys (D:5)
  A crimson imp (D:6)
  A giant frog zombie (D:6)
  A hound (D:5)
  3 orc priests
  A giant frog skeleton (D:7)
  Crazy Yiuf (D:2)
  2 iguanas
  An orc wizard (D:7)
  Ijyb (D:2)
  3 worker ants
  A hound skeleton (D:7)
  2 worker ant zombies
  3 gnolls (D:2)
  13 adders
  2 shadow imps
  2 oozes
  2 adder skeletons (D:7)
  5 worms
  2 dart slugs
  8 giant geckos
  7 orcs
  7 giant cockroaches
  14 goblins
  7 hobgoblins
  3 jackals (D:4)
  2 quokkas
  2 ball pythons
  12 bats
  5 giant newts
  5 kobolds
  4 rats
142 creatures vanquished.

Vanquished Creatures (others)
  A worker ant (D:7)
1 creature vanquished.

Grand Total: 143 creatures vanquished

Notes
Turn   | Place    | Note
--------------------------------------------------------------
     0 | D:1      | userone the Draconian Conjurer began the quest for the Orb.
     0 | D:1      | Reached XP level 1. HP: 14/14 MP: 3/3
   201 | D:1      | Reached XP level 2. HP: 7/20 MP: 0/5
  1140 | D:1      | Reached XP level 3. HP: 15/27 MP: 1/6
  1214 | D:2      | Learned a level 3 spell: Dazzling Spray
  1415 | D:2      | Learned a level 2 spell: Searing Ray
  1487 | D:2      | Noticed Crazy Yiuf
  1497 | D:2      | Killed Crazy Yiuf
  1848 | D:2      | Found a deep blue altar of Sif Muna.
  1866 | D:2      | Reached skill level 1 in Fighting
  1876 | D:2      | Reached XP level 4. HP: 35/35 MP: 1/7
  1940 | D:2      | Became a worshipper of Sif Muna the Loreminder
  2234 | D:2      | Reached skill level 5 in Conjurations
  2325 | D:2      | Noticed Ijyb
  2333 | D:2      | Killed Ijyb
  2617 | D:2      | Reached XP level 5. HP: 16/40 MP: 2/9
  3187 | D:3      | Found a stormy altar of Qazlal.
  3189 | D:3      | Found a burning altar of Makhleb.
  3192 | D:3      | Found a shadowy altar of Dithmenos.
  3192 | D:3      | Found a blossoming altar of Fedhas.
  3192 | D:3      | Found a white marble altar of Elyvilon.
  3192 | D:3      | Found a sparkling altar of Nemelex Xobeh.
  3993 | D:3      | Learned a level 4 spell: Iskenderun's Mystic Blast
  4399 | D:4      | Reached skill level 1 in Throwing
  4408 | D:4      | Got a transparent broad axe
  4410 | D:4      | Got a spiked ring mail
  4521 | D:4      | Noticed a centaur
  4532 | D:4      | Killed a centaur
  4532 | D:4      | Reached XP level 6. HP: 15/47 MP: 4/11
  5259 | D:4      | Noticed marshmellons's ghost (amateur MiFi)
  5513 | D:4      | Killed marshmellons's ghost
  5513 | D:4      | Reached * piety under Sif Muna
  5513 | D:4      | Reached skill level 1 in Staves
  5513 | D:4      | Your scales start taking on a glossy black colour.
  5513 | D:4      | Reached XP level 7. HP: 40/52 MP: 8/13
  5513 | D:4      | Gained mutation: You are resistant to electric shocks. [Black Draconian growth]
  5897 | D:5      | Entered Level 5 of the Dungeon
  5960 | D:5      | Reached skill level 6 in Conjurations
  6386 | D:5      | Learned a level 4 spell: Animate Dead
  6455 | D:5      | Found a shattered altar of Ashenzari.
  6767 | D:5      | Noticed Grinder
  6777 | D:5      | Reached skill level 5 in Spellcasting
  6787 | D:5      | Killed Grinder
  6787 | D:5      | Reached XP level 8. HP: 48/62 MP: 0/15
  7124 | D:5      | Noticed Edmund
  7130 | D:5      | Killed Edmund
  7217 | D:5      | Found a staircase to the Ecumenical Temple.
  7231 | Temple   | Entered the Ecumenical Temple
  7346 | D:5      | Reached ** piety under Sif Muna
  8982 | D:7      | Reached skill level 7 in Conjurations
  9068 | D:7      | Reached XP level 9. HP: 68/70 MP: 14/18
  9135 | D:7      | Found Xuruzess's General Store.
  9158 | D:7      | Bought a potion of magic for 128 gold pieces
  9158 | D:7      | Bought a royal jelly for 32 gold pieces
  9158 | D:7      | Bought a potion of haste for 160 gold pieces
  9169 | D:7      | Reached skill level 1 in Necromancy
  9892 | D:8      | Noticed Gastronok
  9942 | D:8      | Killed from afar by Gastronok

Skill      XL: |  1  2  3  4  5  6  7  8  9 |
---------------+----------------------------+-----
Dodging        | 2 3 4 |  4.8
Fighting       | 1 2 3 |  3.4
Conjurations   | 5 6 7 |  7.0
Stealth        | 2 3 |  3.5
Spellcasting   | 3 4 5 6 |  6.9
Throwing       | 1 |  1.4
Staves         | 1 3 |  3.2
Necromancy     | 1 |  1.4
Short Blades   | |  0.2
Evocations     | |  0.6

Action                   |  1- 3 |  4- 6 |  7- 9 || total
-------------------------+-------+-------+-------++-------
Melee: Unarmed           |     8 |       |       ||     8
       Short sword       |    21 |       |       ||    21
       Tailslap          |     3 |     7 |    20 ||    30
       Quarterstaff      |     7 |    50 |   120 ||   177
Throw: Stone             |     6 |    17 |       ||    23
       Tomahawk          |       |     9 |     2 ||    11
 Cast: Magic Dart        |    53 |    81 |   138 ||   272
       Searing Ray       |     1 |     5 |    14 ||    20
       Dazzling Spray    |     1 |     2 |       ||     3
       Iskenderun's Myst |       |     3 |     1 ||     4
       Animate Dead      |       |       |     2 ||     2
 Abil: Breathe Lightning |       |       |     4 ||     4
Evoke: Wand              |       |     3 |     2 ||     5
  Use: Scroll            |     3 |     9 |     9 ||    21
       Potion            |       |     1 |     2 ||     3
 Stab: Sleeping          |       |       |     2 ||     2
  Eat: Chunk             |     1 |     2 |     4 ||     7
       Meat ration       |     1 |       |     1 ||     2
       Bread ration      |       |     2 |     1 ||     3
       Fruit             |       |       |     2 ||     2
Armor: Skin              |     5 |    17 |    77 ||    99
Dodge: Dodged            |    22 |    53 |    98 ||   173
